Map: Ephemeron LE

Players

BluE

  • Race: Protoss Protoss
  • Spawn Location: 11:00

uThermal - Winner!

  • Race: Terran Terran
  • Spawn Location: 5:00

Event: IEM Katowice 2020

VOD

Have the link to the VOD?

Description

Time

  • Played on: Feb. 25, 2020, 10:57 a.m.
  • Length: 16:23

All games in this series

Show
View Real Time Build Order
Export as new Build Order

BluE Protoss 

Build Orders: 1 Gate Expand 

Get SALT Encoding   

  12  0:00  Probe  
  13  0:12  Probe  
  14  0:17  Pylon  
  14  0:25  Probe (Chrono Boost)  
  15  0:37  Probe (Chrono Boost)  
  15  0:38  Gateway  
  16  0:44  Probe (Chrono Boost)  
  16  0:47  Assimilator  
  17  0:51  Probe  
  18  1:03  Probe  
  19  1:15  Probe  
  20  1:27  Cybernetics Core  
  20  1:33  Nexus  
  20  1:42  Pylon  
  20  1:44  Probe  
  21  1:51  Assimilator  
  21  1:56  Probe (Chrono Boost)  
  21  2:00  Adept (Chrono Boost)  
  22  2:03  Warp Gate  
  22  2:08  Probe (Chrono Boost)  
  25  2:16  Probe (Chrono Boost)  
  25  2:22  Probe  
  26  2:23  Adept  
  29  2:34  Probe  
  30  2:38  Robotics Facility  
  30  2:48  Probe (Chrono Boost)  
  32  2:51  Probe (Chrono Boost)  
  32  2:58  Probe (Chrono Boost)  
  33  3:01  Probe (Chrono Boost), Stalker  
  33  3:03  Probe (Chrono Boost)  
  38  3:15  Gateway  
  38  3:16  Probe (Chrono Boost), Gateway  
  38  3:18  Probe (Chrono Boost)  
  39  3:23  Probe (Chrono Boost)  
  39  3:24  Probe (Chrono Boost)  
  42  3:27  Observer  
  42  3:33  Probe  
  43  3:35  Probe  
  43  3:40  Assimilator  
  44  3:43  Pylon  
  44  3:45  Probe  
  44  3:46  Assimilator  
  44  3:47  Probe  
  46  3:48  Pylon  
  46  3:59  Robotics Bay  
  46  4:01  Probe, Observer (Chrono Boost)  
  46  4:02  Probe, Pylon  
  49  4:13  Probe  
  49  4:14  Probe  
  51  4:17  Observer (Chrono Boost)  
  52  4:25  Probe  
  52  4:26  Probe  
  52  4:31  Observer  
  53  4:32  Pylon  
  53  4:36  Immortal (Chrono Boost)  
  53  4:37  Probe  
  54  4:42  Probe  
  54  4:44  Sentry  
  61  4:46  Sentry  
  61  4:48  Stalker  
  61  4:50  Probe  
  66  4:54  Nexus  
  66  4:56  Pylon  
  66  5:00  Probe, Observer  
  66  5:03  Probe  
  68  5:12  Probe  
  68  5:13  Observer (Chrono Boost)  
  70  5:15  Sentry x2  
  70  5:17  Stalker  
  70  5:18  Probe  
  77  5:24  Disruptor (Chrono Boost)  
  80  5:28  Pylon  
  80  5:29  Probe  
  80  5:31  Probe  
  82  5:41  Probe  
  82  5:46  Stalker x2  
  82  5:56  Observer  
  81  5:57  Probe  
  81  6:00  Probe  
  83  6:07  Stalker  
  83  6:10  Probe  
  84  6:13  Adept x2  
  84  6:17  Observer  
  88  6:21  Probe  
  88  6:22  Probe  
  88  6:23  Probe, Warp Prism  
  89  6:31  Stalker  
  83  6:33  Probe, Stalker x2  
  83  6:36  Probe  
  83  6:37  Probe, Gravitic Drive (Chrono Boost)  
  87  6:45  Probe, Pylon, Assimilator x2  
  87  6:46  Forge  
  88  6:48  Probe  
  88  6:49  Probe  
  88  6:50  Twilight Council  
  90  6:57  Probe  
  90  6:58  Zealot x3  
  90  7:00  Pylon  
  97  7:03  Gateway  
  97  7:04  Observer  
  97  7:07  Protoss Ground Weapons Level 1 (Chrono Boost)  
  98  7:12  Gateway  
  98  7:14  Gateway  
  98  7:16  Gateway  
  98  7:19  Gateway  
  98  7:20  Pylon  
  98  7:21  Sentry  
  100  7:23  Charge (Chrono Boost)  
  100  7:24  Zealot  
  102  7:34  Templar Archives  
  102  7:39  Zealot  
  102  7:42  Pylon  
  102  7:43  Pylon  
  104  7:45  Observer  
  104  7:47  Observer  
  104  7:52  Psionic Storm  
  104  7:53  Immortal  
  108  7:59  Zealot x3  
  114  8:08  Stalker x2  
  118  8:13  Pylon, Nexus  
  118  8:17  High Templar x2  
  122  8:21  Pylon  
  122  8:24  Probe x2  
  122  8:25  Forge, High Templar x2  
  128  8:27  Zealot  
  130  8:37  Zealot x3  
  136  8:45  Probe  
  136  8:47  Probe  
  138  8:48  Pylon  
  138  8:51  Probe  
  138  8:53  Blink (Chrono Boost)  
  139  8:57  Probe, Stalker x2  
  139  9:02  Stalker x3  
  144  9:04  Protoss Ground Armor Level 1 (Chrono Boost)  
  144  9:08  Zealot  
  143  9:19  Zealot x2  
  145  9:25  Zealot  
  145  9:26  Zealot x4  
  145  9:29  Zealot  
  153  9:33  Warp Prism (Chrono Boost)  
  151  9:40  Probe  
  151  9:45  Stalker x2  
  150  9:46  Probe  
  150  9:51  Protoss Ground Weapons Level 2 (Chrono Boost)  
  153  9:55  High Templar  
  155  10:00  Probe x2, Photon Cannon  
  155  10:01  Shield Battery, Photon Cannon, Observer (Chrono Boost)  
  155  10:20  Nexus  
  155  10:21  Warp Prism  
  155  10:26  Stalker x3, Zealot  
  165  10:29  Pylon  
  165  10:32  Pylon  
  165  10:45  Pylon  
  165  10:46  Pylon  
  165  10:51  Protoss Ground Armor Level 2 (Chrono Boost)  
  165  10:57  Observer  
  166  11:14  Stalker x6  
  166  11:15  Stalker  
  166  11:18  Zealot  
  176  11:38  Zealot x5  
  176  11:39  Zealot x3  
  189  11:54  Warp Prism  
  185  12:01  Zealot x3  
  185  12:02  Zealot x4  
  185  12:07  Gateway  
  199  12:09  Gateway  
  199  12:13  Gateway  
  125  12:27  Zealot x3  
  125  12:28  Zealot x5  
  109  12:31  Colossus  
  109  12:36  Protoss Ground Weapons Level 3  
  115  12:48  Zealot  
  115  12:49  Zealot x2  
  115  12:50  High Templar x5  
  131  12:53  Gateway  
  131  12:54  Gateway  
  131  12:57  Gateway  
  131  13:03  Zealot x2  
  125  13:14  Zealot x4  
  125  13:17  Zealot x4  
  129  13:24  Zealot x3  
  129  13:25  Zealot x2  
  139  13:38  Zealot  
  139  13:39  Zealot x4  
  149  13:42  Zealot  
  149  13:45  Stalker  
  151  13:53  Zealot  
  132  13:57  Archon  
  132  13:58  Stalker x3  
  134  14:04  Stalker  
  136  14:13  Stalker  
  136  14:14  Stalker  
  140  14:20  Stalker  
  142  14:27  Stalker  
  141  14:41  High Templar x6  
  137  14:54  Zealot x3  
  141  15:01  Warp Prism (Chrono Boost)  
  143  15:10  Observer  
  143  15:26  Stalker  
  143  15:27  Stalker x3  
  151  15:40  High Templar x3  
  151  15:41  High Templar x5  
  166  15:44  High Templar  
  166  15:45  Archon x3  
  166  15:46  Archon  
  166  15:49  Stalker  
  164  16:04  Stalker x2  
  116  16:13  Zealot x2  
Show
View Real Time Build Order
Export as new Build Order

uThermal Terran - Winner!

Build Orders: Reaper Expand, Banshee Rush 

Get SALT Encoding   

  12  0:01  SCV  
  13  0:13  SCV  
  14  0:17  Supply Depot  
  14  0:25  SCV  
  15  0:39  SCV  
  15  0:40  Barracks  
  16  0:43  Refinery  
  16  0:51  SCV  
  17  1:03  SCV  
  18  1:15  SCV  
  19  1:29  Reaper, Orbital Command  
  20  1:40  Command Center  
  20  1:53  Supply Depot  
  20  1:54  SCV  
  20  2:01  Marine  
  22  2:07  SCV  
  22  2:08  Factory  
  23  2:12  Refinery  
  23  2:19  SCV  
  23  2:21  Barracks Reactor  
  24  2:31  SCV  
  25  2:43  SCV  
  26  2:51  Starport  
  26  2:52  Hellion  
  26  2:53  Orbital Command  
  26  2:55  SCV  
  26  2:57  Marine  
  26  2:58  Marine  
  30  3:03  Bunker  
  30  3:07  SCV  
  31  3:13  Factory Tech Lab  
  31  3:15  Marine x2  
  31  3:19  SCV x2  
  35  3:31  SCV  
  35  3:33  Marine x2  
  38  3:34  SCV  
  38  3:37  Banshee  
  38  3:38  Factory Tech Lab  
  38  3:40  Cloaking Field  
  40  3:44  SCV, Supply Depot  
  41  3:50  SCV  
  41  3:51  Marine x2  
  41  3:55  Supply Depot  
  44  3:56  SCV  
  45  4:04  SCV  
  45  4:05  Siege Tank  
  45  4:08  SCV  
  45  4:09  Marine x2  
  52  4:13  Supply Depot  
  52  4:16  SCV  
  53  4:20  Banshee  
  56  4:24  SCV  
  56  4:27  Marine x2  
  56  4:28  SCV  
  60  4:36  Supply Depot  
  60  4:38  Siege Tank  
  60  4:40  SCV x2  
  60  4:44  Marine  
  60  4:45  Marine  
  67  4:57  SCV, Command Center  
  67  4:58  SCV  
  69  5:03  Marine x2  
  71  5:07  Supply Depot  
  71  5:08  Banshee  
  71  5:12  SCV  
  75  5:16  SCV  
  76  5:28  Barracks, Siege Tank  
  76  5:29  SCV, Supply Depot, Barracks  
  76  5:31  SCV  
  76  5:33  Marine x2  
  82  5:41  SCV  
  82  5:45  SCV  
  78  5:51  Marine  
  78  5:53  SCV, Marine  
  79  5:57  SCV  
  79  6:00  Engineering Bay  
  79  6:01  Starport Reactor, Engineering Bay  
  80  6:05  SCV  
  80  6:08  Marine  
  80  6:09  SCV  
  80  6:14  Refinery x2  
  80  6:17  SCV  
  81  6:21  SCV  
  81  6:22  Factory Reactor  
  81  6:25  Marine x2  
  68  6:26  Combat Shield  
  68  6:27  Stimpack  
  68  6:28  Marauder  
  68  6:29  SCV, Marine  
  68  6:33  SCV  
  69  6:41  SCV, Orbital Command  
  69  6:45  SCV  
  71  6:47  Marine x2  
  71  6:49  Terran Infantry Weapons Level 1, Terran Infantry Armor Level 1  
  71  6:51  Marauder  
  71  6:54  SCV  
  76  6:57  SCV  
  76  6:59  Barracks x2  
  76  7:00  Marine  
  78  7:04  Widow Mine x2  
  78  7:05  Marine  
  78  7:06  SCV  
  78  7:08  SCV  
  85  7:09  SCV  
  85  7:10  Marauder  
  85  7:13  Marauder  
  90  7:16  Supply Depot  
  90  7:18  Supply Depot  
  90  7:19  Medivac  
  90  7:20  Medivac  
  90  7:21  SCV  
  95  7:23  SCV  
  95  7:26  Widow Mine x2  
  95  7:29  Refinery x2, Marine  
  100  7:31  Marine  
  100  7:32  Marauder  
  103  7:37  Missile Turret  
  103  7:41  Missile Turret  
  103  7:42  SCV, Marine  
  103  7:43  Missile Turret  
  105  7:44  Missile Turret  
  105  7:46  Marine  
  105  7:47  Marine  
  105  7:49  SCV  
  105  7:52  Medivac  
  105  7:53  Marauder  
  105  7:54  Armory  
  105  7:55  SCV, Medivac  
  105  7:57  Marine  
  112  8:00  SCV, Marauder  
  112  8:01  SCV  
  112  8:03  Barracks Tech Lab  
  112  8:05  Barracks Tech Lab  
  116  8:07  SCV  
  116  8:11  Marine  
  116  8:12  SCV  
  119  8:15  Supply Depot, Marauder  
  119  8:16  Supply Depot  
  119  8:17  SCV  
  119  8:20  Marine  
  119  8:22  Concussive Shells, Marauder  
  119  8:23  Marine x2  
  124  8:29  Marine  
  124  8:31  Supply Depot  
  125  8:37  Marauder  
  125  8:39  Fusion Core  
  125  8:40  Command Center  
  127  8:44  Starport  
  127  8:46  Supply Depot  
  127  8:48  Terran Infantry Weapons Level 2  
  127  8:49  Terran Infantry Armor Level 2  
  127  8:58  Marauder, Marine  
  127  8:59  Marauder, Marine  
  127  9:01  Supply Depot  
  133  9:03  Terran Ship Weapons Level 1, Marine  
  133  9:04  Marauder  
  136  9:15  Liberator x2  
  136  9:16  Marine  
  139  9:20  Marauder  
  139  9:25  Medivac  
  139  9:31  Barracks  
  139  9:32  Supply Depot  
  139  9:33  Barracks x2  
  139  9:37  Medivac  
  139  9:38  Marine x2  
  138  9:39  Marauder  
  138  9:40  Advanced Ballistics  
  138  9:42  SCV  
  142  9:48  Marauder  
  142  9:49  SCV, Marauder  
  142  9:50  SCV  
  148  10:04  Command Center, Liberator  
  151  10:10  Liberator  
  151  10:13  Liberator  
  157  10:15  Marauder, Marine  
  157  10:19  Marine  
  160  10:24  Planetary Fortress  
  160  10:25  SCV x3  
  161  10:29  Missile Turret  
  161  10:31  Liberator  
  161  10:32  Marine  
  165  10:36  Marine  
  165  10:37  Missile Turret  
  165  10:39  SCV x2  
  168  10:42  Marine  
  168  10:43  Marauder  
  168  10:46  SCV  
  168  10:49  Liberator  
  175  10:52  SCV  
  175  10:54  Supply Depot, Barracks Tech Lab x2  
  175  10:55  Barracks Reactor  
  176  10:58  Marauder, Marine  
  176  10:59  Marine  
  176  11:01  Marine  
  181  11:04  Liberator  
  184  11:16  Liberator  
  184  11:17  Marauder x2, Marine x2  
  193  11:18  SCV  
  193  11:25  Liberator  
  197  11:31  Marine  
  197  11:32  Marauder  
  200  11:43  Command Center  
  200  11:47  Ghost Academy  
  200  11:58  Command Center  
  200  12:00  Command Center  
  200  12:02  Terran Infantry Weapons Level 3, Command Center  
  200  12:05  Terran Infantry Armor Level 3  
  147  12:25  Liberator  
  147  12:29  Marine x2  
  137  12:30  Planetary Fortress, Marauder x2  
  137  12:31  SCV  
  137  12:33  Liberator  
  137  12:34  Marine x3  
  137  12:35  Marauder x3  
  137  12:36  SCV  
  151  12:39  SCV  
  151  12:40  SCV  
  151  12:43  SCV  
  154  12:46  Medivac  
  154  12:47  Marine x2  
  154  12:51  Marauder x2  
  162  12:52  SCV, Missile Turret, Marine  
  162  12:55  Marine  
  166  12:59  Liberator  
  166  13:01  Marine  
  166  13:02  Marauder  
  170  13:06  Marauder, Marine  
  173  13:13  Marine, Liberator  
  173  13:14  Marauder  
  173  13:17  Orbital Command x2  
  177  13:20  Missile Turret  
  177  13:21  Liberator  
  177  13:22  Marine  
  177  13:23  Marine  
  177  13:26  Marauder, Marine x2  
  186  13:32  Liberator  
  186  13:39  Marauder, Marine  
  189  13:44  Marine  
  189  13:45  Marauder  
  189  13:47  Liberator  
  168  13:56  Liberator  
  168  13:58  Marauder, Marine  
  163  14:03  Marauder, Marine  
  163  14:04  Marine, Liberator  
  163  14:05  Marauder  
  163  14:08  Marine  
  163  14:09  Marauder  
  165  14:12  Marauder, Marine  
  165  14:16  Marine  
  169  14:20  Marauder  
  169  14:21  Planetary Fortress, Marine  
  169  14:22  Marine  
  173  14:25  Marauder  
  173  14:26  Marauder, Marine  
  173  14:29  Marine  
  173  14:30  Marauder  
  178  14:33  Marine  
  178  14:34  Marauder  
  181  14:38  Marine  
  181  14:40  Liberator  
  181  14:41  Marauder  
  181  14:44  Refinery  
  181  14:45  Missile Turret, Refinery x3, Marine x2  
  189  14:46  Marauder, Command Center  
  189  14:48  Marauder  
  189  14:52  Marauder, Marine  
  172  14:56  Marine, Liberator  
  172  14:57  Marauder  
  172  14:58  Orbital Command  
  169  15:01  Marine  
  169  15:02  Marauder, Marine  
  173  15:07  Medivac, Marauder  
  173  15:12  Marine  
  173  15:13  Marauder  
  180  15:14  Sensor Tower  
  180  15:19  Marauder, Marine  
  183  15:22  Medivac  
  183  15:24  Marine  
  183  15:25  Marine  
  183  15:26  Command Center  
  183  15:27  Medivac  
  189  15:29  Marine  
  189  15:30  Marauder  
  189  15:33  Ghost  
  194  15:37  Marauder, Marine  
  194  15:40  Medivac  
  194  15:41  Marine  

Tags
 
Add a new tag
Caveats
  • Supply blocks, unpowered buildings, or Contaminate may cause inaccurate times.
  • Supply counts are checked every 10 seconds.